AoeStats
← AiM | Facu1414

African Clearing

504939490Analyzed
4v4 RM · 26d ago on Sep 7, 2026· 46m 26s· 8 players
Game mode
Random Map
Map size
Large (8 player)
Population
200
Speed
Normal
Resources
Standard
Victory
Conquest
Starting age
Dark Age
Ending age
Imperial Age
RankedLock teamsTeams togetherTeam positionsShared explorationLock speedFull tech treeHidden civsTurbo modeCheats
Victory
Defeat
🇦🇷 Gurjaras · Argentina
1527
+12
🇲🇽 Vietnamese · Mexico
1520
+12
🇦🇷 Cumans · Argentina
1506
+13
🇦🇷 Magyars · Argentina
1469
+15
🇦🇷 Britons · Argentina
1473
-14
🇨🇷 Chinese · Costa Rica
1469
-14
🇲🇽 Wu · Mexico
1452
-14
🇲🇽 Mongols · Mexico
1366
-10
PocaChota
10:05 Loom
12:49 Feudal Age
13:25 Double-Bit Axe
16:59 Bloodlines
17:25 Scale Barding Armor
22:57 Castle Age
22:59 Light Cavalry
23:52 Bow Saw
23:27 Horse Collar
24:27 Husbandry
24:33 Heavy Plow
27:19 Chain Barding Armor
28:20 Wheelbarrow
30:11 Hand Cart
31:02 Town Watch
31:13 Gold Mining
31:15 Stone Mining
33:28 Treadmill Crane
37:25 Imperial Age
36:03 Gold Shaft Mining
36:00 Corvinian Army
38:26 Ballistics
39:07 Chemistry
38:33 Conscription
38:02 Elite Magyar Huszar
39:44 Two-Man Saw
39:51 Plate Barding Armor
40:20 Crop Rotation
40:28 Hoardings
40:53 Fletching
41:10 Recurve Bow
41:37 Bodkin Arrow
42:23 Parthian Tactics
42:26 Bracer
42:36 Thumb Ring
42:37 Heavy Cavalry Archer
43:54 Padded Archer Armor
45:05 Hoardings
45:15 Leather Archer Armor
AiM | Facu1414
6:46 Loom
13:06 Feudal Age
17:34 Castle Age
15:40 Double-Bit Axe
18:32 Husbandry
20:50 Scale Barding Armor
21:22 Town Watch
29:08 Wheelbarrow
30:22 Bloodlines
33:05 Coinage
32:59 Chain Barding Armor
34:18 Fletching
34:42 Gold Mining
35:12 Bodkin Arrow
35:25 Horse Collar
36:27 Thumb Ring
37:24 Bow Saw
37:29 Heavy Plow
38:17 Padded Archer Armor
42:46 Imperial Age
41:01 Ballistics
41:18 Kshatriyas
43:00 Elite Elephant Archer
44:35 Bracer
45:48 Chemistry
45:09 Siege Elephant
46:41 Gold Shaft Mining
AIM | Agua cate 98
7:26 Loom
11:21 Feudal Age
12:04 Double-Bit Axe
15:56 Town Watch
18:08 Wheelbarrow
18:12 Horse Collar
22:20 Castle Age
22:05 Gold Mining
23:04 Bloodlines
23:02 Scale Barding Armor
24:09 Chain Barding Armor
25:23 Heavy Plow
27:11 Forging
29:33 Gold Shaft Mining
29:31 Bow Saw
31:16 Iron Casting
35:55 Imperial Age
33:22 Heated Shot
36:10 Cavalier
38:05 Blast Furnace
37:46 Plate Barding Armor
41:46 Light Cavalry
41:52 Paladin
43:50 Conscription
45:13 Hand Cart
45:01 Town Patrol
44:36 Light Cavalry
AiM | Fubuki Sinri
10:19 Loom
12:44 Feudal Age
17:20 Castle Age
16:56 Double-Bit Axe
20:01 Fletching
23:02 Horse Collar
24:34 Wheelbarrow
25:19 Hand Cart
28:16 Gold Mining
28:16 Stone Mining
29:03 Bow Saw
29:05 Heavy Plow
34:06 Imperial Age
31:43 Padded Archer Armor
31:59 Bodkin Arrow
32:37 Ballistics
33:23 Leather Archer Armor
33:03 Town Watch
34:30 Elite Rattan Archer
35:43 Bracer
36:23 Thumb Ring
37:57 Chemistry
38:23 Hoardings
38:25 Elite Skirmisher
40:50 Ring Archer Armor
40:30 Imperial Skirmisher
45:59 Two-Man Saw
45:30 Crop Rotation
45:37 Stone Shaft Mining
46:52 Siege Engineers
Wolobo
7:30 Loom
14:57 Feudal Age
17:51 Wheelbarrow
17:35 Fishing Lines
18:21 Double-Bit Axe
22:07 Castle Age
21:56 Scale Mail Armor
22:55 Squires
23:18 Chain Mail Armor
24:05 Arson
27:43 Pikeman
33:19 Medium Warships
38:00 Forging
39:34 Bow Saw
39:06 Horse Collar
39:22 Gold Mining
43:34 Iron Casting
Marco Aurelio
10:40 Loom
12:34 Feudal Age
10:56 Loom
12:47 Feudal Age
23:58 Castle Age
22:50 Double-Bit Axe
23:24 Horse Collar
27:12 Fletching
29:06 Bow Saw
32:11 Bodkin Arrow
32:18 Husbandry
35:02 Padded Archer Armor
36:29 Gold Mining
42:09 Imperial Age
41:01 Leather Archer Armor
41:49 Bloodlines
43:17 Gold Shaft Mining
43:42 Ballistics
43:29 Bracer
45:04 Thumb Ring
DiegoRasta
11:29 Loom
13:47 Feudal Age
17:51 Castle Age
15:44 Horse Collar
16:49 Double-Bit Axe
19:27 Bow Saw
19:13 Fletching
23:19 Bodkin Arrow
27:11 Wheelbarrow
26:36 Town Watch
28:48 Gold Mining
28:54 Stone Mining
30:30 Ballistics
30:38 Padded Archer Armor
34:55 Imperial Age
33:09 Leather Archer Armor
33:33 Gold Shaft Mining
33:43 Heavy Plow
35:45 Bracer
36:46 Chemistry
36:30 Elite Longbowman
37:50 Warwolf
40:01 Yeomen
Daniel Lothbrok
3:09 Loom
13:15 Feudal Age
18:29 Castle Age
16:46 Stone Mining
16:49 Double-Bit Axe
17:16 Horse Collar
19:41 Fletching
26:03 Stone Shaft Mining
27:11 Town Watch
29:03 Padded Archer Armor
29:16 Bodkin Arrow
31:08 Bow Saw
32:26 Wheelbarrow
32:37 Leather Archer Armor
33:35 Heavy Plow
35:14 Ballistics
38:34 Imperial Age
36:50 Thumb Ring
36:57 Masonry
37:48 Gold Mining
38:26 Hand Cart
38:12 Town Patrol
39:55 Gold Shaft Mining
38:55 Elite Chu Ko Nu
40:27 Conscription
40:28 Bracer
41:00 Ring Archer Armor
45:13 Scale Barding Armor
45:18 Forging
Connection lost

Rejoining the realm…

Still unreachable

The connection could not be restored.

Session expired

The server has moved on; the page needs a fresh start.